 Dungeon Crawl Stone Soup version 0.21-a0-179-gd2bfb5f (webtiles) character file.

123 Gorglomux the Skirmisher (level 5, -1/48 HPs)
             Began as a Hill Orc Fire Elementalist on Aug 10, 2017.
             Slain by a gnoll
             ... wielding a +0 club
              (4 damage)
             ... on level 3 of the Dungeon.
             The game lasted 00:05:55 (2249 turns).

Gorglomux the Skirmisher (HOFE)                     Turns: 2249, Time: 00:05:55

Health: -1/48      AC:  5    Str: 11 (12) XL:     5   Next: 7%
Magic:  1/7        EV: 17    Int: 18 (20) God:
Gold:   93         SH:  0    Dex: 14 (16) Spells: 1/7 levels left

rFire    . . .     SeeInvis .   n - +0 dagger
rCold    . . .     Gourm    .   (no shield)
rNeg     + . .     Faith    .   a - +0 robe
rPois    .         Spirit   .   (no helmet)
rElec    .         Reflect  .   m - +2 cloak
rCorr    .         Harm     .   (no gloves)
MR       .....                  (no boots)
Stlth    +++.......             (no amulet)
HPRegen  0.16/turn              E - ring of positive energy
MPRegen  0.10/turn              N - ring of wizardry

@: brilliant, agile, very slightly contaminated
A: no striking features
a: no special abilities


You were on level 3 of the Dungeon.
You were hungry.

You visited 1 branch of the dungeon, and saw 3 of its levels.

You collected 93 gold pieces.

Inventory:

Hand Weapons
 n - a +0 dagger (weapon)
Armour
 a - a +0 robe (worn)
 i - a cursed +0 buckler
 m - a +2 cloak (worn)
 D - a +0 ring mail
Jewellery
 E - a ring of positive energy (left hand)
 N - a ring of wizardry (right hand)
Scrolls
 d - a scroll of remove curse {unknown}
 h - 4 scrolls of identify {unknown}
 k - 3 scrolls of noise {unknown}
 C - 2 scrolls of teleportation {unknown}
 F - a scroll of recharging {unknown}
 H - a scroll of enchant armour {unknown}
 K - a scroll of immolation {unknown}
Books
 b - a book of Flames

   Spells                             Type                      Level
   a - Flame Tongue                   Conjuration/Fire             1
   b - Throw Flame                    Conjuration/Fire             2
   c - Conjure Flame                  Conjuration/Fire             3
   d - Inner Flame                    Hexes/Fire                   3
   e - Sticky Flame                   Conjuration/Fire             4
   f - Fireball                       Conjuration/Fire             5
Comestibles
 c - 2 bread rations
 f - 2 royal jellies
 z - 2 meat rations
 M - 2 chunks of flesh


   Skills:
 + Level 5.4 Fighting
 - Level 1.5 Dodging
 - Level 1.5 Stealth
 - Level 1.5 Spellcasting
 - Level 1.0 Conjurations
 - Level 3.2 Fire Magic


You had one spell level left.
You knew the following spells:

 Your Spells              Type           Power        Failure   Level  Hunger
a - Flame Tongue          Conj/Fire      ###..        1%          1    ##.....
b - Throw Flame           Conj/Fire      ###...       1%          2    ###....
j - Conjure Flame         Conj/Fire      ###.....     3%          3    ####...


Dungeon Overview and Level Annotations

Branches:
Dungeon (3/15)

Altars:


Message History

Press: ? - help, Shift-Dir - straight line, f - butt
Aim: a gnoll, wielding a club (moderately wounded)
The flame tongue hits the gnoll!
The gnoll appears unharmed!
The gnoll is moderately wounded!
The gnoll hits you with a club!!! * * * don'butt die
* * *
Casting: Flame Tongue
Confirm with ! or Enter, or butts ? or * to list all spells!
Aiming: Flame Tongue Butts: ? - help, Shift-Dir - straight line, f/p - gnoll
Aim: a gnoll, butt a club (moderately butt)
The flame tongue hits the gnoll!
The gnoll is severely wounded!
The gnoll closely misses you!
Items butt: )) †† a halberd; a flail; a gnoll corpse x2
You aren't carrying any potions!
Unknown command!
The gnoll hits you with a butt! rip

................#
...............##
...............#
...>...........#
?(..........)..#
..............##
..............####
..........#......#
..........######@##
..##.......†().g..#
#.......########
.....###...## ..##<
#÷#..# # . ##w##.#
###. ##..# .######
.....##..## ......#
#.....####......#


You could see a gnoll.

Vanquished Creatures
  2 gnolls (D:3)
  5 adders
  A worm (D:2)
  2 dart slugs
  A leopard gecko (D:2)
  A ball python (D:1)
  3 giant cockroaches
  3 goblins
  8 hobgoblins
  2 jackals (D:3)
  A quokka (D:2)
  8 bats
  3 frilled lizards
  8 kobolds
  6 rats
54 creatures vanquished.

Notes
Turn   | Place    | Note
-------+----------+-------------------------------------------
     0 | D:1      | Gorglomux the Hill Orc Fire Elementalist began the quest for the Orb.
     0 | D:1      | Reached XP level 1. HP: 14/14 MP: 3/3
   148 | D:1      | Reached skill level 1 in Fighting
   325 | D:1      | Reached skill level 2 in Fighting
   325 | D:1      | Reached XP level 2. HP: 24/24 MP: 1/4
   928 | D:2      | Reached skill level 3 in Fighting
   928 | D:2      | Reached XP level 3. HP: 27/31 MP: 2/5
  1101 | D:2      | Learned a level 2 spell: Throw Flame
  1425 | D:2      | Reached skill level 4 in Fighting
  1481 | D:2      | Reached XP level 4. HP: 34/40 MP: 6/6
  2116 | D:3      | Learned a level 3 spell: Conjure Flame
  2121 | D:3      | Reached skill level 5 in Fighting
  2242 | D:3      | Reached XP level 5. HP: 18/48 MP: 2/7
  2249 | D:3      | Slain by a gnoll

Vault maps used:
D:1:      dpeg_arrival_erosion
D:3:      grunt_ministairs_3

Skill      XL: |  1  2  3  4 |
---------------+-------------+-----
Fighting       | 2 3 4 5 |  5.4
Dodging        | |  1.5
Stealth        | |  1.5
Spellcasting   | |  1.5
Conjurations   | |  1.0
Fire Magic     | |  3.2

Action                   |  1- 3 |  4- 6 || total
-------------------------+-------+-------++-------
Melee: Dagger            |   107 |    68 ||   175
 Cast: Flame Tongue      |    31 |    24 ||    55
       Throw Flame       |     2 |     6 ||     8
  Use: Potion            |       |     5 ||     5
 Stab: Sleeping          |     3 |       ||     3
       Invisible         |       |     1 ||     1
  Eat: Chunk             |     3 |     3 ||     6
Armor: Robe              |    43 |    20 ||    63
Dodge: Dodged            |    67 |    86 ||   153
